 Dungeon Crawl Stone Soup version 0.31-a0-626-g8143ab4f1d (webtiles) character file.

Game seed: 6017930787806524188

151 mopl the Insei (level 5, -1/34 HPs)
             Began as an Octopode Shapeshifter on Aug 24, 2023.
             Slain by a bullfrog (8 damage)
             ... in a sewer.
             The game lasted 00:02:13 (1566 turns).

mopl the Insei (Octopode Shapeshifter)              Turns: 1566, Time: 00:02:14

Health: -1/34      AC:  1    Str: 14    XL:     5   Next: 33%
Magic:  5/5        EV: 13    Int: 11    God:
Gold:   108        SH:  0    Dex: 14    Spells: 4/4 levels left

rFire   . .          .
                       - Unarmed
rCold   . . .        (no shield)
rNeg    . . .        (helmet currently unavailable)
rPois   .            (no amulet)
rElec   .            l - ring of see invisible
rCorr   .            (no ring)
SInv    +            (no ring)
Will    .....        (no ring)
Stlth   +++          (no ring)
HPRegen 0.25/turn    (no ring)
MPRegen 0.09/turn    (no ring)
                     (no ring)

%: no passive effects
@: beast-form
A: beast (slay +2), almost no armour, amphibious, 8 rings, camouflage 1,
gelatinous body 1, nimble swimmer 1, tentacles
a: Begin Untransformation


You were in a sewer.
You were a hulking beast.
You visited 1 branch of the dungeon, and saw 3 of its levels.
You also visited: Sewer.

You collected 108 gold pieces.

Inventory:

Missiles
 d - 5 darts of dispersal
 g - 2 poisoned darts (quivered)
Jewellery
 l - a ring of see invisible (left tentacle)
Talismans
 b - a beast talisman (active)
 c - a flux talisman
Scrolls
 e - 4 scrolls of identify {unknown}
 f - a scroll of amnesia {unknown}
 h - a scroll of enchant armour {unknown}
 j - a scroll of teleportation {unknown}
 k - a scroll of summoning {unknown}
 n - a scroll of acquirement {unknown}
Potions
 a - a potion of lignification {!q}
 i - a potion of haste {unknown}
 m - a potion of mutation {unknown}
 o - 2 potions of attraction {unknown}
 p - a potion of degeneration {unknown}


   Skills:
 + Level 2.1 Fighting
 + Level 2.6 Dodging
 * Level 4.1 Unarmed Combat
 * Level 4.0 Shapeshifting


You had 4 spell levels left.
You didn't know any spells.
Your spell library contained the following spells:

 Spells                   Type           Power      Damage    Failure   Level
 Frozen Ramparts          Ice            0%         1d1       71%         3
 Passage of Golubria      Tloc           0%         N/A       98%         4
 Petrify                  Tmut/Erth      0%         N/A       98%         4
 Metabolic Englaciation   Hex/Ice        0%         N/A       100%        5
 Silence                  Hex/Air        0%         N/A       100%        5
 Lehudib's Crystal Spear  Conj/Erth      0%         10d2      100%        8


Dungeon Overview and Level Annotations

Branches:
Dungeon (3/15)              Sewer (1/1)

Altars:


Innate Abilities, Weirdness & Mutations

You are a hulking beast.
Your limbs bulge with bestial killing power. (Slay +2)
You cannot wear most types of armour.
You are amphibious.
You can wear up to eight rings at the same time.
Your skin changes colour to match your surroundings (Stealth+).
Your rubbery body absorbs attacks. (AC +1, EV +1)
You are camouflaged when in or above water. (Stealth+)
You have tentacles for arms and can constrict up to eight enemies at once.


Message History

You enter the shallow water.
The bullfrog croaks.
You hear a croak.
The adder hisses angrily.
You enter the deep water.
A bullfrog comes into view.
The bullfrog completely misses you. The adder barely misses you.
The bullfrog hits you! The adder bites you.
You barely miss the bullfrog. Your grab misses the bullfrog.
The bullfrog hits you. The adder barely misses you.
You tentacle-slap the bullfrog. Your grab misses the bullfrog.
You squeeze the bullfrog.
The bullfrog is lightly wounded.
The bullfrog hits you. The adder bites you but does no damage.
You barely miss the bullfrog. Your grab misses the bullfrog.
Your squeeze misses the bullfrog.
The bullfrog is lightly wounded.
The bullfrog hits you but does no damage.
The bullfrog hits you! The adder bites you. The bullfrog misses you.
The bullfrog hits you but does no damage.
You are too injured to fight recklessly!
You closely miss the bullfrog. You grab the bullfrog.
The bullfrog is lightly wounded.
You constrict the bullfrog. The adder bites you but does no damage.
The bullfrog hits you but does no damage.
The bullfrog barely misses you.
You closely miss the bullfrog. Your grab misses the bullfrog.
You squeeze the bullfrog.
The bullfrog is moderately wounded.
You constrict the bullfrog. The adder closely misses you.
The bullfrog hits you.
* * * LOW HITPOINT WARNING * * *
The bullfrog closely misses you.
You tentacle-slap the bullfrog. Your grab misses the bullfrog.
You tentacle-slap the bullfrog. Your squeeze misses the bullfrog.
The bullfrog is heavily wounded.
You constrict the bullfrog. The bullfrog misses you. The bullfrog hits you.
* * * LOW HITPOINT WARNING * * *
The adder barely misses you. The bullfrog hits you.
* * * LOW HITPOINT WARNING * * *
The adder barely misses you. The bullfrog hits you!
You die...

~~~..........~~≈~≈≈~~~~l.~~
~~#######~≈≈≈≈≈≈≈~~≈≈≈≈≈~.~≈~.#
~.# ≈~≈≈≈≈≈≈≈≈≈≈≈≈≈~.~≈~.# ~.#
~≈≈≈≈≈≈~~.~≈≈≈≈~~~≈~~# ~.#
≈≈≈≈≈.~~~~~~≈≈≈~~~≈~~# ~.#
≈≈≈≈.)~~~.≈≈~≈≈≈~~≈~~# ~~#
≈≈≈./[$~~.~≈≈~≈~~~≈~~# ~.#
≈≈~~.?S~.~.~≈≈~≈≈~≈~.# ~.#
≈≈≈~~.Fh..†.≈≈≈≈≈≈≈~~# ~~#
≈≈≈≈≈≈F≈≈~∩~~≈≈#≈≈≈~~# ~~#
≈≈≈≈≈≈≈≈≈≈~≈≈≈##≈≈≈~~# ~~#
≈≈≈≈≈≈≈≈≈≈≈≈####≈≈≈~.# ~~#
###≈≈≈≈≈≈#### #~≈≈~.# ~.#
######## #.~≈~.# ~.# #~≈≈~.#
~.# #~~≈~.#
~.#######################~~~~.#


You could see 2 bullfrogs and an adder.

Vanquished Creatures
  8 adders
  2 worms (D:3)
  A dart slug (D:1)
  2 orcs (D:3)
  4 bats
  10 endoplasms
  5 giant cockroaches
  3 goblins
  3 hobgoblins
  5 jackals (D:1)
  5 kobolds
  3 quokkas
  5 ball pythons
  8 frilled lizards
  5 rats
69 creatures vanquished.

Notes
Turn   | Place    | Note
-------+----------+-------------------------------------------
     0 | D:1      | mopl the Octopode Shapeshifter began the quest for the Orb.
     0 | D:1      | Reached XP level 1. HP: 13/13 MP: 1/1
   251 | D:1      | Reached XP level 2. HP: 11/18 MP: 2/2
   725 | D:2      | Reached XP level 3. HP: 15/23 MP: 3/3
   902 | D:2      | Reached XP level 4. HP: 26/28 MP: 4/4
   908 | D:2      | Found a faded altar of an unknown god.
  1003 | D:2      | Identified the +1 longbow of Unineuhac {antimagic, Str+3}
  1393 | D:3      | Reached skill level 2 in Fighting
  1423 | D:3      | Found a glowing drain.
  1447 | D:3      | Reached skill level 4 in Unarmed Combat
  1458 | Sewer    | Entered a sewer
  1468 | Sewer    | Reached XP level 5. HP: 34/34 MP: 5/5
  1531 | Sewer    | Reached skill level 4 in Shapeshifting
  1566 | Sewer    | Slain by a bullfrog

Illustrated notes

Levels and vault maps discovered:
D:1:      evilmike_arrival_fibonacci_small, layout_loops_ring
D:2:      layout_loops_ring, hellmonk_ecumenical_altar_crossroads
D:3:      minmay_roachtagon, layout_rooms, cheibrodos_sewer_entry_drain,
          serial_shops, shop, grunt_ministairs_10
Sewer:    sewer_frog_island_01

Skill      XL: |  1  2  3  4  5 |
---------------+----------------+-----
Fighting       | 2 |  2.1
Unarmed Combat | 4 |  4.1
Shapeshifting  | 4 |  4.0
Dodging        | |  2.6

Action                     |  1- 3 |  4- 6 || total
---------------------------+-------+-------++-------
  Melee: Unarmed           |    48 |    76 ||   124
         Constrict         |    12 |    20 ||    32
         Punch             |     1 |     2 ||     3
         Tentacles         |    11 |    14 ||    25
   Stab: Sleeping          |     5 |    10 ||    15
 Armour: Skin              |     7 |     8 ||    15
  Dodge: Dodged            |    30 |    50 ||    80

Table legend: (Time is in decaauts)
 A = Elapsed time spent in this place.
 B = Non-inter-level travel time spent in this place.
 C = Inter-level travel time spent in this place.
 D = Time resting spent in this place.
 E = Time spent auto-exploring this place.
 F = Levels seen in this place.
 G = Mean time per level.
                   A        B        C        D        E       F      G
               +--------+--------+--------+--------+--------+-----+--------+
         Total |   1555 |   1520 |     35 |      0 |   1054 |   4 |  388.8 |
       Dungeon |   1450 |   1415 |     35 |      0 |   1026 |   3 |  483.3 |
         Sewer |    105 |    105 |      0 |      0 |     28 |   1 |  105.0 |
               +--------+--------+--------+--------+--------+-----+--------+

Top non-repeatable levels by time:
     D:1: 713 daAuts
     D:2: 601 daAuts
     D:3: 135 daAuts
   Sewer: 105 daAuts
